 Dungeon Crawl Stone Soup version 0.30-a0-586-g23e55c9e0a (webtiles) character file.

Game seed: 17852885622810472228

1087 bande the Chopper (level 8, -6/49 HPs)
             Began as a Gargoyle Fighter on Jan 3, 2023.
             Mangled by a gnoll
             ... wielding a +2 halberd of venom
              (7 damage)
             ... on level 5 of the Dungeon.
             The game lasted 00:07:55 (3748 turns).

bande the Chopper (Gargoyle Fighter)                Turns: 3748, Time: 00:07:55

Health: -6/49      AC: 19    Str: 24    XL:     8   Next: 30%
Magic:  8/8        EV:  7    Int:  9    God:
Gold:   170        SH:  5    Dex: 11    Spells: 7/7 levels left

rFire   + . .      SeeInvis .    a - +1 war axe
rCold   + . .      Faith    .    c - +0 buckler
rNeg    + . .      Spirit   .    e - +0 chain mail
rPois   ∞          Reflect  .    o - +1 helmet
rElec   +          Harm     .    k - +0 cloak
rCorr   .          Rampage  .    (no gloves)
Will    .....                    f - +0 pair of boots "Deacaroal" {rF+ rC+ Str+4} Stlth
                                 (no amulet)
HPRegen 0.28/turn                (no ring)
MPRegen 0.11/turn                (no ring)

@: no status effects
A: sickness immunity, AC +5, negative energy resistance 1, electricity
resistance, torment resistance 1, petrification resistance
a: no special abilities


You were on level 5 of the Dungeon.
You visited 1 branch of the dungeon, and saw 5 of its levels.

You collected 170 gold pieces.

Inventory:

Hand Weapons
 a - a +1 war axe (weapon)
 m - a +0 flail
Armour
 c - a +0 buckler (worn)
 e - a +0 chain mail (worn)
 f - the +0 pair of boots "Deacaroal" (worn) {rF+ rC+ Str+4}
   (You acquired it on level 2 of the Dungeon)

   Str:       It affects your strength (+4).
   rF:        It protects you from fire.
   rC:        It protects you from cold.
 k - a +0 cloak (worn)
 o - a +1 helmet (worn)
Wands
 n - a wand of roots (11)
 p - a wand of digging (6)
Scrolls
 j - a scroll of fog
 s - a scroll of blinking
 t - 2 scrolls of teleportation
 v - a scroll of silence
Potions
 b - 5 potions of curing
 d - 2 potions of might
 h - a potion of mutation
 i - a potion of lignification {unknown}
 l - 3 potions of resistance
 q - a potion of berserk rage {unknown}
 r - 3 potions of haste {unknown}
 u - a potion of attraction {unknown}


   Skills:
 + Level 5.3 Fighting
 + Level 6.3 Axes
 + Level 4.8 Armour
 + Level 4.4 Shields
 * Level 2.9 Evocations


You had 7 spell levels left.
You didn't know any spells.
Your spell library contained the following spells:

 Spells                   Type           Power      Damage    Failure   Level
 Static Discharge         Conj/Air       0%         2-2/arc   99%         2
 Vhi's Electric Charge    Tloc/Air       0%         N/A       100%        3
 Agony                    Necr           0%         N/A       100%        5
 Arcjolt                  Conj/Air       0%         1d10      100%        5
 Lightning Bolt           Conj/Air       0%         1d11      100%        5
 Death Channel            Necr           0%         N/A       100%        6
 Simulacrum               Ice/Necr       0%         N/A       100%        6
 Sublimation of Blood     Necr           Unusable   N/A       N/A         2

Dungeon Overview and Level Annotations

Branches:
Dungeon (5/15)
 Temple: D:4-7

Altars:
Gozag
Hepliaklqana
Qazlal
Wu Jian
Zin

Shops:
D:1 (

Annotations:
D:4 2 transporters


Innate Abilities, Weirdness & Mutations

You are immune to sickness and miasma.
Your stone body is resilient. (AC +5)
You are immune to poison.
You resist negative energy. (rN+)
You are resistant to electric shocks. (rElec)
You are resistant to unholy torment.
You are immune to petrification.


Message History

You closely miss the ice beast.
The ice beast is severely wounded.
The ice beast barely misses you. The gnoll barely misses you.
The gnoll hits you but does no damage.
The ice beast hits you but does no damage.
You hit the ice beast but do no damage.
The ice beast is severely wounded.
The gnoll hits you from afar with a +2 halberd of venom!
The ice beast hits you but does no damage.
You barely miss the ice beast.
The ice beast is severely wounded.
You block the gnoll's attack.
The ice beast hits you but does no damage.
You barely miss the ice beast.
The ice beast is severely wounded.
The gnoll barely misses you.
The ice beast hits you but does no damage.
You hit the ice beast.
The ice beast is almost dead.
The gnoll hits you but does no damage. You block the ice beast's attack.
The ice beast hits you but does no damage.
You block the gnoll's attack.
You barely miss the ice beast.
The ice beast is almost dead.
The ice beast hits you but does no damage.
The gnoll hits you but does no damage.
You hit the ice beast.
You kill the ice beast!
You block the gnoll's attack.
The gnoll hits you with a +2 halberd of venom!
* * * LOW HITPOINT WARNING * * *
You hit the gnoll.
The gnoll is moderately wounded.
You block the gnoll's attack.
You barely miss the gnoll.
The gnoll is moderately wounded.
The gnoll hits you with a +2 halberd of venom!
* * * LOW HITPOINT WARNING * * *
The gnoll hits you with a +2 halberd of venom!
You die...

### ###### ..# . #....# #.#
#.####....# #.# ..........#
#.# #.......o.# ########.####
#..#...)).########......#..#..
#.....)..osog@........†.......
#...#.############.####.##.#.#
. .. ### #.##.#.# ... #....#.#
... #......# .. #......# .
######+# ####.#.# # #...
......... #...


You could see a scorpion, a gnoll and 2 orcs.

Vanquished Creatures
  2 ice beasts (D:5)
  A black bear (D:4)
  2 phantoms
  4 scorpions
  A jelly (D:5)
  An orc priest (D:3)
  A hound (D:5)
  An iguana (D:5)
  Jessica (D:2)
  2 orc wizards (D:5)
  Robin (D:2)
  3 gnolls
  8 adders
  An ufetubus (D:4)
  2 dart slugs
  9 orcs
  11 ball pythons
  10 bats
  9 endoplasms
  3 giant cockroaches
  19 goblins
  8 hobgoblins
  6 jackals
  9 kobolds
  4 quokkas
  3 frilled lizards
  7 rats
129 creatures vanquished.

Notes
Turn   | Place    | Note
-------+----------+-------------------------------------------
     0 | D:1      | bande the Gargoyle Fighter began the quest for the Orb.
     0 | D:1      | Reached XP level 1. HP: 14/14 MP: 1/1
   109 | D:1      | Reached XP level 2. HP: 12/19 MP: 2/2
   282 | D:1      | Reached skill level 2 in Axes
   326 | D:1      | Reached XP level 3. HP: 15/23 MP: 3/3
   699 | D:1      | Found Cirar's Weapon Emporium.
  1130 | D:2      | Reached XP level 4. HP: 29/29 MP: 4/4
  1135 | D:2      | Got the Tome of Nightshade
  1164 | D:2      | Upgraded the game from 0.30-a0-585-g93115170b9 to
                  | 0.30-a0-586-g23e55c9e0a
  1192 | D:2      | Reached skill level 3 in Axes
  1261 | D:2      | Noticed Jessica
  1267 | D:2      | Noticed Robin
  1276 | D:2      | Killed Jessica
  1280 | D:2      | Reached XP level 5. HP: 25/33 MP: 5/5
  1287 | D:2      | Killed Robin
  1312 | D:2      | Identified a scroll of acquirement
  1312 | D:2      | Acquired the +0 pair of boots "Deacaroal" {rF+ rC+ Str+4}
  1689 | D:3      | Noticed a phantom
  1706 | D:3      | Killed a phantom
  1707 | D:3      | Reached skill level 4 in Axes
  1737 | D:3      | Reached XP level 6. HP: 37/38 MP: 6/6
  1953 | D:3      | Found a faded altar of an unknown god.
  2392 | D:3      | Found a stormy altar of Qazlal.
  2494 | D:4      | Found a hazy altar of Hepliaklqana.
  2497 | D:4      | Identified the +1 leather armour of Sin {rF+}
  2572 | D:4      | Found a transporter.
  2702 | D:4      | Found a transporter.
  2751 | D:4      | Found an ornate altar of the Wu Jian Council.
  2921 | D:4      | Reached skill level 5 in Axes
  2921 | D:4      | Reached skill level 1 in Evocations
  2921 | D:4      | Reached XP level 7. HP: 44/44 MP: 7/7
  3082 | D:4      | Found a glowing silver altar of Zin.
  3162 | D:4      | Found an opulent altar of Gozag.
  3435 | D:5      | Entered Level 5 of the Dungeon
  3452 | D:5      | Reached skill level 5 in Fighting
  3651 | D:5      | Reached XP level 8. HP: 45/49 MP: 8/8
  3721 | D:5      | Reached skill level 6 in Axes
  3748 | D:5      | HP: 1/49 [gnoll/+2 halberd of venom (7)]
  3748 | D:5      | Mangled by a gnoll

Illustrated notes

Levels and vault maps discovered:
D:1:      tarquinn_simple_flora_water_c, layout_basic, serial_shops, shop
D:2:      layout_basic, uniq_robin, uniq_jessica
D:3:      layout_basic, lemuel_tele_altar,
          dreamdust_ecumenical_altar_angels_and_demons,
          nicolae_figureground_pulse
D:4:      gammafunk_cloud_chamber, layout_cave_pods, zin_scriptorium,
          general_overflow_altar, marbit_many_paths, old_standard_altar
D:5:      layout_basic, kennysheep_mini, gammafunk_temple_overflow_arena,
          ebering_ghost_sewer_d, chequers_serial_rivers_micro_a,
          hangedman_abyss_or_decor_passed, nicolae_elevator_lobby_plus

Skill      XL: |  1  2  3  4  5  6  7  8 |
---------------+-------------------------+-----
Axes           | 2 3 4 5 6 |  6.3
Fighting       | 4 5 |  5.3
Armour         | 4 |  4.8
Shields        | 4 |  4.4
Evocations     | 1 2 |  2.9

Action                   |  1- 3 |  4- 6 |  7- 9 || total
-------------------------+-------+-------+-------++-------
Melee: War axe           |    89 |   188 |   125 ||   402
  Use: Scroll            |       |    13 |     3 ||    16
       Potion            |       |       |     1 ||     1
Armor: Chain mail        |    58 |   159 |   110 ||   327
       Scale mail        |     1 |       |       ||     1
Dodge: Dodged            |    42 |    70 |    48 ||   160
Block: Buckler           |    18 |    49 |    43 ||   110

Table legend: (Time is in decaauts)
 A = Elapsed time spent in this place.
 B = Non-inter-level travel time spent in this place.
 C = Inter-level travel time spent in this place.
 D = Time resting spent in this place.
 E = Time spent auto-exploring this place.
 F = Levels seen in this place.
 G = Mean time per level.
                   A        B        C        D        E       F      G
               +--------+--------+--------+--------+--------+-----+--------+
         Total |   3880 |   3826 |     54 |     91 |   2651 |   5 |  776.0 |
       Dungeon |   3880 |   3826 |     54 |     91 |   2651 |   5 |  776.0 |
               +--------+--------+--------+--------+--------+-----+--------+

Top non-repeatable levels by time:
     D:1: 1087 daAuts
     D:4: 1003 daAuts
     D:3: 914 daAuts
     D:2: 540 daAuts
     D:5: 335 daAuts
